Influenza vs Senators
Created - January 7, 2020 at 19:33
Goals
|
| Influenza |
3 |
1 |
1 |
5 |
| Senators |
2 |
0 |
5 |
7 |
|
Shots
|
| Influenza |
15 |
7 |
15 |
37 |
| Senators |
13 |
1 |
20 |
34 |
|
1st period
1. Influenza , Lucas Lessio 6 (Roland McKeown 4) at 14:09
2. Senators , Matt Frattin 26 (Zemgus Girgensons 22, Nick Foligno 24) at 14:19
3. Senators , Tomas Jurco 8 (Chris Kunitz 14, Scott Harrington 16) at 15:01 (PP)
4. Influenza , Andre Burakovsky 23 (Iiro Pakarinen 23, Jake Guentzel 20) at 15:12
5. Influenza , Bo Horvat 12 (Jimmy Vesey 11) at 15:28
Penalties :
Paul Ladue (VJB) for Elbowing (Minor) at 14:22, Iiro Pakarinen (VJB) for Holding (Minor) at 15:43
2nd period
6. Influenza , Aaron Ekblad 3 (Jake Guentzel 21, Paul Ladue 8) at 3:10
Penalties :
Scott Harrington (BIN) for Interference (Minor) at 3:15, Andre Burakovsky (VJB) for Tripping (Minor) at 4:09, Blake Coleman (BIN) for Hooking (Minor) at 6:23, Maxim Letunov (BIN) for Holding (Minor) at 17:51
3rd period
7. Senators , Nick Foligno 20 (Matt Frattin 20) at 4:59 (PP)
8. Influenza , Luca Sbisa 4 (Iiro Pakarinen 24) at 7:11 (PP)
9. Senators , Matt Frattin 27 (Scott Harrington 17, Nick Foligno 25) at 7:19
10. Senators , Chris Kunitz 10 (Chandler Stephenson 14, Tomas Jurco 11) at 11:36
11. Senators , Patrick Maroon 6 (Maxim Letunov 4) at 12:14
12. Senators , Nick Foligno 21 (Matt Frattin 21, Dylan Blujus 15) at 19:45 (Empty Net)
Penalties :
Iiro Pakarinen (VJB) for Goalie Interference (Minor) at 4:55, Keegan Lowe (BIN) for High sticking (Minor) at 6:57, Iiro Pakarinen (VJB) for Holding (Minor) at 8:35, Dylan Blujus (BIN) for Holding Stick (Minor) at 14:55
Goalie Stats
Malcolm Subban (VJB), 27 saves from 33 shots - (0.818), L, 13-10-1, 59:20 minutes
Justin Peters (BIN), 12 saves from 16 shots - (0.750), 23:10 minutes
Stephon Williams (BIN), 20 saves from 21 shots - (0.952), W, 2-3-1, 36:50 minutes
Players Stats for Influenza
Player Name G A P +/- PIM S H SB GA TA FO MP PP MP PK MP
------------------------------------------------------------------------------------
Aaron Ekblad 1 0 1 -2 0 2 6 3 1 3 0/0 28:12 3:26 2:09
Andre Burakovsky 1 0 1 -3 2 7 3 3 2 0 0/2 22:26 3:40 1:34
Anthony Mantha 0 0 0 0 0 2 2 2 1 0 1/2 12:59 0:22 2:54
Bo Horvat 1 0 1 1 0 2 0 2 0 0 7/16 19:13 3:08 2:59
Iiro Pakarinen 0 2 2 -2 6 4 3 0 0 1 0/0 20:13 3:48 0:00
Jacob Josefson 0 0 0 1 0 0 0 0 0 0 0/0 7:39 0:00 0:51
Jake Guentzel 0 2 2 -3 0 2 5 0 0 1 25/39 23:05 3:35 1:32
Jeff Corbett 0 0 0 -1 0 0 1 0 0 0 0/0 18:29 1:40 0:46
Jimmy Vesey 0 1 1 1 0 3 3 0 1 0 0/0 16:14 3:08 0:00
Jordan Schroeder 0 0 0 0 0 2 2 0 0 0 2/3 8:48 0:00 0:00
Justin Bailey 0 0 0 0 0 3 5 0 0 0 0/0 16:45 3:08 0:00
Luca Sbisa 1 0 1 1 0 2 4 2 0 0 0/0 22:57 3:38 3:30
Lucas Lessio 1 0 1 1 0 1 1 0 0 0 0/0 9:19 0:16 1:20
Nick Ritchie 0 0 0 0 0 1 0 0 0 0 0/0 9:15 0:00 0:00
Paul Ladue 0 1 1 -1 2 2 1 3 0 0 0/0 27:57 4:17 2:47
Rinat Valievv 0 0 0 0 0 1 1 0 0 2 0/0 10:28 0:01 0:00
Roland McKeown 0 1 1 1 0 1 0 1 0 0 0/0 11:41 1:08 1:58
Tom Kuhnhackl 0 0 0 1 0 2 2 0 1 0 0/0 7:35 0:09 0:00
Players Stats for Senators
Player Name G A P +/- PIM S H SB GA TA FO MP PP MP PK MP
------------------------------------------------------------------------------------
Adam Ollas-Mattsson 0 0 0 0 0 0 1 0 0 0 0/0 11:29 0:00 1:30
Blake Coleman 0 0 0 0 2 2 0 0 0 0 5/8 8:32 0:00 0:00
Chandler Stephenson 0 1 1 1 0 1 0 0 0 0 3/8 14:27 2:20 0:00
Chris Kunitz 1 1 2 1 0 5 0 0 1 0 0/2 18:27 2:10 3:48
Dylan Blujus 0 1 1 0 2 4 0 3 0 2 0/0 28:44 3:15 3:15
Grant Besse 0 0 0 0 0 1 0 1 0 1 0/0 10:55 0:00 1:46
Jack Dougherty 0 0 0 1 0 0 0 1 2 1 0/0 19:51 2:20 2:14
Jan Mursak 0 0 0 0 0 2 2 0 0 0 0/0 12:12 0:00 2:49
Keegan Lowe 0 0 0 1 2 0 1 0 0 0 0/0 20:53 2:20 2:53
Mason Geertsen 0 0 0 0 0 1 0 1 0 0 0/0 12:14 0:00 1:11
Matt Frattin 2 2 4 0 0 6 3 1 0 1 0/2 21:31 3:11 1:35
Maxim Letunov 0 1 1 0 2 0 1 0 0 0 1/2 8:34 0:00 0:00
Michal Repik 0 0 0 0 0 1 0 0 0 0 0/0 8:36 0:04 0:00
Nick Foligno 2 2 4 0 0 2 1 0 1 1 4/10 23:57 2:58 3:48
Patrick Maroon 1 0 1 0 0 2 2 0 1 0 0/0 9:36 0:27 0:06
Scott Harrington 0 2 2 0 2 2 3 2 1 0 0/0 27:25 3:19 3:07
Tomas Jurco 1 1 2 1 0 4 1 0 0 0 0/0 14:27 2:20 0:00
Zemgus Girgensons 0 1 1 0 0 1 4 1 1 0 14/30 19:55 3:11 0:18
3 Stars
1 - Matt Frattin (BIN)
2 - Nick Foligno (BIN)
3 - Tomas Jurco (BIN)
Power Play
Influenza - 1 on 5 Attempt(s) - 20.00%
Senators - 2 on 5 Attempt(s) - 40.00%
Penalty Kill
Influenza - 3 on 5 Attempt(s) - 60.00%
- Score 0 goal in Penalty Kill
Senators - 4 on 5 Attempt(s) - 80.00%
- Score 0 goal in Penalty Kill
Team Stat
Influenza - Hits : 39 - Faceoff Wins : 35 - Blocked Shots : 16 - Penalty Minutes : 10
Senators - Hits : 19 - Faceoff Wins : 27 - Blocked Shots : 10 - Penalty Minutes : 10
Official
Referees : Unknown
Linesman : Unknown
Game Notes
Stephon Williams enters game at 3:10 of 2nd period
Roland McKeown is injured at 16:11 of 2nd period (Strained Right Knee)
Jacob Josefson is injured at 13:04 of 3rd period (Back Spasms)
Nick Foligno has scored in a empty net!
Finance
Level 1 -- Attendance: 1576 (78.80%) -- Ticket Income $52,008
Level 2 -- Attendance: 756 (75.60%) -- Ticket Income $11,340
Total Attendance: 2332 (77.73%)
Total Ticket Income: $63,348
Other Income: $3,167
Total Income: $66,515
Influenza
5 vs 5 Forward
Center Left Wing Right Wing Time % Phy DF OF
1 Jake Guentzel Andre Burakovsky Iiro Pakarinen 40 1 2 2
2 Bo Horvat Jimmy Vesey Justin Bailey 30 1 2 2
3 Jordan Schroeder Nick Ritchie Anthony Mantha 20 1 2 2
4 Jacob Josefson Lucas Lessio Tom Kuhnhackl 10 1 2 2
5 vs 5 Defense
Defense Defense Time % Phy DF OF
1 Paul Ladue Aaron Ekblad 40 1 2 2
2 Luca Sbisa Roland McKeown 30 1 2 2
3 Jeff Corbett Rinat Valievv 20 1 2 2
4 Paul Ladue Aaron Ekblad 10 1 2 2
PowerPlay Forward
Center Left Wing Right Wing Time % Phy DF OF
1 Jake Guentzel Andre Burakovsky Iiro Pakarinen 60 1 2 2
2 Bo Horvat Jimmy Vesey Justin Bailey 40 1 2 2
PowerPlay Defense
Defense Defense Time % Phy DF OF
1 Luca Sbisa Paul Ladue 60 1 2 2
2 Aaron Ekblad Roland McKeown 40 1 2 2
Penalty Kill 4 Players Forward
Center Wing Time % Phy DF OF
1 Bo Horvat Anthony Mantha 60 1 2 2
2 Jake Guentzel Andre Burakovsky 40 1 2 2
Penalty Kill 4 Players Defense
Defense Defense Time % Phy DF OF
1 Luca Sbisa Paul Ladue 60 1 2 2
2 Roland McKeown Aaron Ekblad 40 1 2 2
Penalty Kill - 3 Players Forward
Forward Time % Phy DF OF
1 Jake Guentzel 60 1 2 2
2 Bo Horvat 40 1 2 2
Penalty Kill - 3 Players Defense
Defense Defense Time % Phy DF OF
1 Luca Sbisa Paul Ladue 60 1 2 2
2 Aaron Ekblad Roland McKeown 40 1 2 2
4 vs 4 Forward
Center Wing Time % Phy DF OF
1 Jake Guentzel Anthony Mantha 60 1 2 2
2 Bo Horvat Andre Burakovsky 40 1 2 2
4 vs 4 Defense
Defense Defense Time % Phy DF OF
1 Paul Ladue Luca Sbisa 60 1 2 2
2 Roland McKeown Aaron Ekblad 40 1 2 2
Last Minutes Offensive
Center Left Wing Right Wing Defense Defense
Jake Guentzel Andre Burakovsky Justin Bailey Paul Ladue Luca Sbisa
Last Minutes Defensive
Center Left Wing Right Wing Defense Defense
Jake Guentzel Andre Burakovsky Anthony Mantha Paul Ladue Aaron Ekblad
Goaltenders
Starting : Malcolm Subban
Backup : Tyson Sexsmith
Extra Forwards
Normal : Bo Horvat, Nick Ritchie, Andre Burakovsky - PP : Bo Horvat, Anthony Mantha - PK : Andre Burakovsky
Extra Defensemen
Normal : Aaron Ekblad, Luca Sbisa, Roland McKeown - PP : Luca Sbisa - PK : Luca Sbisa, Roland McKeown
Penalty Shots
Andre Burakovsky, Jake Guentzel, Jimmy Vesey, Anthony Mantha, Bo Horvat
Scratches
Shane Prince (Healthy), Henri Ikonen (Healthy), Johan Larsson (Healthy), Tim Erixon (Torn Left ACL Injury), Mitchell Moroz (Healthy)
Josh Andrerson (Healthy), Dmitry Sinitsyn (Bruised Left Shoulder Injury), Jesse Graham (Healthy), Kasperi Kapanen (Bruised Right Leg Injury), Conner Bleackley (Healthy)
Brycen Martin (Healthy), Jaden Lindo (Healthy), Jamie Phillips (Healthy)
Senators
5 vs 5 Forward
Center Left Wing Right Wing Time % Phy DF OF
1 Zemgus Girgensons Nick Foligno Matt Frattin 40 1 2 2
2 Chandler Stephenson Chris Kunitz Tomas Jurco 30 1 2 2
3 Blake Coleman Jan Mursak Michal Repik 20 1 2 2
4 Maxim Letunov Patrick Maroon Grant Besse 10 1 2 2
5 vs 5 Defense
Defense Defense Time % Phy DF OF
1 Dylan Blujus Scott Harrington 40 1 2 2
2 Keegan Lowe Jack Dougherty 30 1 2 2
3 Mason Geertsen Adam Ollas-Mattsson 20 1 2 2
4 Dylan Blujus Scott Harrington 10 1 2 2
PowerPlay Forward
Center Left Wing Right Wing Time % Phy DF OF
1 Zemgus Girgensons Nick Foligno Matt Frattin 60 1 2 2
2 Chandler Stephenson Chris Kunitz Tomas Jurco 40 1 2 2
PowerPlay Defense
Defense Defense Time % Phy DF OF
1 Dylan Blujus Scott Harrington 60 1 2 2
2 Keegan Lowe Jack Dougherty 40 1 2 2
Penalty Kill 4 Players Forward
Center Wing Time % Phy DF OF
1 Nick Foligno Chris Kunitz 60 1 2 2
2 Jan Mursak Matt Frattin 40 1 2 2
Penalty Kill 4 Players Defense
Defense Defense Time % Phy DF OF
1 Dylan Blujus Scott Harrington 60 1 2 2
2 Keegan Lowe Jack Dougherty 40 1 2 2
Penalty Kill - 3 Players Forward
Forward Time % Phy DF OF
1 Nick Foligno 60 1 2 2
2 Chris Kunitz 40 1 2 2
Penalty Kill - 3 Players Defense
Defense Defense Time % Phy DF OF
1 Dylan Blujus Scott Harrington 60 1 2 2
2 Keegan Lowe Jack Dougherty 40 1 2 2
4 vs 4 Forward
Center Wing Time % Phy DF OF
1 Nick Foligno Chris Kunitz 60 1 2 2
2 Jan Mursak Matt Frattin 40 1 2 2
4 vs 4 Defense
Defense Defense Time % Phy DF OF
1 Dylan Blujus Scott Harrington 60 1 2 2
2 Keegan Lowe Jack Dougherty 40 1 2 2
Last Minutes Offensive
Center Left Wing Right Wing Defense Defense
Zemgus Girgensons Nick Foligno Matt Frattin Dylan Blujus Scott Harrington
Last Minutes Defensive
Center Left Wing Right Wing Defense Defense
Zemgus Girgensons Nick Foligno Matt Frattin Dylan Blujus Scott Harrington
Goaltenders
Starting : Justin Peters
Backup : Stephon Williams
Extra Forwards
Normal : Patrick Maroon, Michal Repik, Grant Besse - PP : Patrick Maroon, Michal Repik - PK : Grant Besse
Extra Defensemen
Normal : Mason Geertsen, Adam Ollas-Mattsson, Keegan Lowe - PP : Mason Geertsen - PK : Adam Ollas-Mattsson, Keegan Lowe
Penalty Shots
Nick Foligno, Chris Kunitz, Jan Mursak, Matt Frattin, Tomas Jurco
Scratches
Andy Andreoff (Healthy), Brett Bulmer (Healthy), Warren Foegele (Healthy), Jake Evans (Broken Bone (Right Arm) Injury), Pontus Sjalin (Healthy)
Keven Bouchard (Healthy)
% Time on Ice - Influenza
Lines # - Real PCT - Wanted PCT - Time Play
Normal Forward
1 - 34% - 40% - 15:28
2 - 33% - 30% - 15:00
3 - 19% - 20% - 8:29
4 - 14% - 10% - 6:33
Normal Defense
1 - 40% - 40% - 18:05
2 - 35% - 30% - 16:07
3 - 22% - 20% - 9:55
4 - 3% - 10% - 1:23
PP Forward
1 - 56% - 60% - 3:57
2 - 44% - 40% - 3:08
PP Defense
1 - 51% - 60% - 3:38
2 - 49% - 40% - 3:27
PK Forward
1 - 73% - 60% - 4:04
2 - 27% - 40% - 1:31
PK Defense
1 - 61% - 60% - 3:26
2 - 39% - 40% - 2:09
PK3 Forward
1 - 0% - 60%
2 - 0% - 40%
PK3 Defense
1 - 0% - 60%
2 - 0% - 40%
44 Forward
1 - 78% - 60% - 0:51
2 - 22% - 40% - 0:14
44 Defense
1 - 54% - 60% - 0:35
2 - 46% - 40% - 0:30
Last Minute Offensive - 0:45
Last Minute Defensive - 0:00
Total
Forward - 60:00
Defense - 60:00
|
% Time on Ice - Senators
Lines # - Real PCT - Wanted PCT - Time Play
Normal Forward
1 - 36% - 40% - 16:44
2 - 27% - 30% - 12:13
3 - 18% - 20% - 8:27
4 - 19% - 10% - 8:34
Normal Defense
1 - 42% - 40% - 19:21
2 - 33% - 30% - 15:00
3 - 21% - 20% - 9:26
4 - 5% - 10% - 2:11
PP Forward
1 - 58% - 60% - 3:15
2 - 42% - 40% - 2:20
PP Defense
1 - 58% - 60% - 3:15
2 - 42% - 40% - 2:20
PK Forward
1 - 78% - 60% - 5:30
2 - 22% - 40% - 1:35
PK Defense
1 - 67% - 60% - 4:45
2 - 33% - 40% - 2:20
PK3 Forward
1 - 0% - 60%
2 - 0% - 40%
PK3 Defense
1 - 0% - 60%
2 - 0% - 40%
44 Forward
1 - 78% - 60% - 0:51
2 - 22% - 40% - 0:14
44 Defense
1 - 74% - 60% - 0:48
2 - 26% - 40% - 0:17
Last Minute Offensive - 0:00
Last Minute Defensive - 0:17
Total
Forward - 60:00
Defense - 60:00
|
Play-by-Play
1st period
0:01 of 1st period - Jake Guentzel wins face-off versus Zemgus Girgensons in neutral zone.
0:14 of 1st period - Wrist shot by Andre Burakovsky.
0:14 of 1st period - Deflect By Jake Guentzel.
0:14 of 1st period - Stopped by Justin Peters with a rebound.
0:16 of 1st period - Snap shot by Andre Burakovsky.
0:16 of 1st period - Stopped by Justin Peters with a rebound.
0:26 of 1st period - Paul Ladue is hit by Tomas Jurco and loses puck.
0:33 of 1st period - Snap shot by Tomas Jurco.
0:33 of 1st period - Stopped by Malcolm Subban without a rebound.
0:34 of 1st period - Blake Coleman wins face-off versus Anthony Mantha in Influenza zone.
1:00 of 1st period - Grant Besse is hit by Tom Kuhnhackl and loses puck.
1:21 of 1st period - Snap shot by Jimmy Vesey.
1:21 of 1st period - Stopped by Justin Peters with a rebound.
1:48 of 1st period - Snap shot by Andre Burakovsky.
1:48 of 1st period - Shot Misses the Net.
1:50 of 1st period - Slapshot by Aaron Ekblad.
1:50 of 1st period - Stopped by Justin Peters with a rebound.
2:06 of 1st period - Wrist shot by Jan Mursak.
2:06 of 1st period - Shot Blocked by Paul Ladue.
2:44 of 1st period - Snap shot by Chris Kunitz.
2:44 of 1st period - Stopped by Malcolm Subban with a rebound.
3:18 of 1st period - Luca Sbisa is hit by Zemgus Girgensons and loses puck.
3:29 of 1st period - Dylan Blujus is hit by Jordan Schroeder.
3:33 of 1st period - Roland McKeown is hit by Patrick Maroon and loses puck.
3:38 of 1st period - Wrist shot by Patrick Maroon.
3:38 of 1st period - Stopped by Malcolm Subban with a rebound.
4:34 of 1st period - Snap shot by Iiro Pakarinen.
4:34 of 1st period - Stopped by Justin Peters without a rebound.
4:35 of 1st period - Jake Guentzel wins face-off versus Zemgus Girgensons in Senators zone.
4:50 of 1st period - Andre Burakovsky is hit by Nick Foligno and loses puck.
5:01 of 1st period - Keegan Lowe is hit by Justin Bailey and loses puck.
5:26 of 1st period - Wrist shot by Jordan Schroeder.
5:26 of 1st period - Shot Hit the Post.
5:28 of 1st period - Snap shot by Jordan Schroeder.
5:28 of 1st period - Deflect By Anthony Mantha.
5:28 of 1st period - Stopped by Justin Peters without a rebound.
5:29 of 1st period - Zemgus Girgensons wins face-off versus Jake Guentzel in Senators zone.
5:49 of 1st period - Icing by Aaron Ekblad.
5:50 of 1st period - Jake Guentzel wins face-off versus Chris Kunitz in Influenza zone.
5:57 of 1st period - Snap shot by Tomas Jurco.
5:57 of 1st period - Stopped by Malcolm Subban with a rebound.
5:59 of 1st period - Wrist shot by Chris Kunitz.
5:59 of 1st period - Deflect By Tomas Jurco.
5:59 of 1st period - Shot Blocked by Andre Burakovsky.
5:59 of 1st period - Puck is out of play.
6:00 of 1st period - Chandler Stephenson wins face-off versus Bo Horvat in Influenza zone.
6:29 of 1st period - Slapshot by Tomas Jurco.
6:29 of 1st period - Shot Blocked by Aaron Ekblad.
6:31 of 1st period - Slapshot by Chandler Stephenson.
6:31 of 1st period - Deflect By Paul Ladue.
6:31 of 1st period - Stopped by Malcolm Subban without a rebound.
6:32 of 1st period - Jake Guentzel wins face-off versus Zemgus Girgensons in Influenza zone.
6:59 of 1st period - Blake Coleman is hit by Justin Bailey and loses puck.
7:08 of 1st period - Jimmy Vesey is hit by Jan Mursak and loses puck.
7:46 of 1st period - Chandler Stephenson is hit by Lucas Lessio and loses puck.
8:07 of 1st period - Backhand shot by Jake Guentzel.
8:07 of 1st period - Stopped by Justin Peters with a rebound.
8:19 of 1st period - Dylan Blujus is hit by Andre Burakovsky and loses puck.
8:30 of 1st period - Wrist shot by Nick Foligno.
8:30 of 1st period - Shot Blocked by Andre Burakovsky.
8:32 of 1st period - Snap shot by Nick Foligno.
8:32 of 1st period - Shot Misses the Net.
8:34 of 1st period - Snap shot by Nick Foligno.
8:34 of 1st period - Shot Misses the Net.
8:36 of 1st period - Slapshot by Matt Frattin.
8:36 of 1st period - Shot Blocked by Andre Burakovsky.
9:04 of 1st period - Wrist shot by Nick Foligno.
9:04 of 1st period - Shot Misses the Net.
9:06 of 1st period - Slapshot by Zemgus Girgensons.
9:06 of 1st period - Shot Misses the Net.
9:28 of 1st period - Slapshot by Jake Guentzel.
9:28 of 1st period - Shot Misses the Net.
9:36 of 1st period - Paul Ladue is hit by Zemgus Girgensons and loses puck.
9:45 of 1st period - Slapshot by Matt Frattin.
9:45 of 1st period - Shot Blocked by Aaron Ekblad.
9:47 of 1st period - Wrist shot by Matt Frattin.
9:47 of 1st period - Stopped by Malcolm Subban without a rebound.
9:48 of 1st period - Bo Horvat wins face-off versus Chandler Stephenson in Influenza zone.
9:53 of 1st period - Jeff Corbett is hit by Keegan Lowe and loses puck.
10:04 of 1st period - Snap shot by Jimmy Vesey.
10:04 of 1st period - Stopped by Justin Peters without a rebound.
10:05 of 1st period - Anthony Mantha wins face-off versus Blake Coleman in Senators zone.
10:30 of 1st period - Tomas Jurco is hit by Justin Bailey.
11:00 of 1st period - Patrick Maroon is hit by Tom Kuhnhackl and loses puck.
11:25 of 1st period - Wrist shot by Jan Mursak.
11:25 of 1st period - Stopped by Malcolm Subban without a rebound.
11:26 of 1st period - Chandler Stephenson wins face-off versus Bo Horvat in Influenza zone.
11:27 of 1st period - Snap shot by Chris Kunitz.
11:27 of 1st period - Stopped by Malcolm Subban with a rebound.
11:56 of 1st period - Jan Mursak is hit by Anthony Mantha and loses puck.
12:36 of 1st period - Snap shot by Lucas Lessio.
12:36 of 1st period - Shot Misses the Net.
13:12 of 1st period - Snap shot by Justin Bailey.
13:12 of 1st period - Stopped by Justin Peters without a rebound.
13:13 of 1st period - Jake Guentzel wins face-off versus Zemgus Girgensons in Senators zone.
13:46 of 1st period - Wrist shot by Tomas Jurco.
13:46 of 1st period - Deflect By Chris Kunitz.
13:46 of 1st period - Stopped by Malcolm Subban with a rebound.
14:09 of 1st period - Wrist shot by Lucas Lessio.
14:09 of 1st period - Goal by Lucas Lessio - Influenza : 1 - Senators : 0.
14:10 of 1st period - Nick Foligno wins face-off versus Jake Guentzel in neutral zone.
14:19 of 1st period - Snap shot by Matt Frattin.
14:19 of 1st period - Goal by Matt Frattin - Influenza : 1 - Senators : 1.
14:20 of 1st period - Jake Guentzel wins face-off versus Nick Foligno in neutral zone.
14:22 of 1st period - Minor Penalty to Paul Ladue for Elbowing.
14:23 of 1st period - Zemgus Girgensons wins face-off versus Bo Horvat in Influenza zone.
14:23 of 1st period - Snap shot by Nick Foligno.
14:23 of 1st period - Shot Misses the Net.
14:25 of 1st period - Snap shot by Dylan Blujus.
14:25 of 1st period - Shot Blocked by Anthony Mantha.
14:27 of 1st period - Slapshot by Matt Frattin.
14:27 of 1st period - Stopped by Malcolm Subban with a rebound.
14:29 of 1st period - Snap shot by Zemgus Girgensons.
14:29 of 1st period - Shot Misses the Net.
14:31 of 1st period - Slapshot by Scott Harrington.
14:31 of 1st period - Shot Blocked by Bo Horvat.
14:33 of 1st period - Slapshot by Scott Harrington.
14:33 of 1st period - Shot Blocked by Anthony Mantha.
15:01 of 1st period - Wrist shot by Tomas Jurco.
15:01 of 1st period - Goal by Tomas Jurco - Influenza : 1 - Senators : 2.
15:02 of 1st period - Jake Guentzel wins face-off versus Zemgus Girgensons in neutral zone.
15:10 of 1st period - Snap shot by Andre Burakovsky.
15:10 of 1st period - Shot Blocked by Scott Harrington.
15:12 of 1st period - Snap shot by Andre Burakovsky.
15:12 of 1st period - Goal by Andre Burakovsky - Influenza : 2 - Senators : 2.
15:13 of 1st period - Bo Horvat wins face-off versus Matt Frattin in neutral zone.
15:26 of 1st period - Wrist shot by Jimmy Vesey.
15:26 of 1st period - Shot Blocked by Dylan Blujus.
15:28 of 1st period - Wrist shot by Bo Horvat.
15:28 of 1st period - Goal by Bo Horvat - Influenza : 3 - Senators : 2.
15:29 of 1st period - Zemgus Girgensons wins face-off versus Jake Guentzel in neutral zone.
15:32 of 1st period - Snap shot by Nick Foligno.
15:32 of 1st period - Shot Misses the Net.
15:43 of 1st period - Minor Penalty to Iiro Pakarinen for Holding.
15:44 of 1st period - Zemgus Girgensons wins face-off versus Bo Horvat in Influenza zone.
15:54 of 1st period - Wrist shot by Matt Frattin.
15:54 of 1st period - Stopped by Malcolm Subban with a rebound.
15:56 of 1st period - Slapshot by Scott Harrington.
15:56 of 1st period - Shot Misses the Net.
15:58 of 1st period - Wrist shot by Matt Frattin.
15:58 of 1st period - Shot Blocked by Paul Ladue.
16:00 of 1st period - Slapshot by Scott Harrington.
16:00 of 1st period - Shot Misses the Net.
17:30 of 1st period - Matt Frattin is hit by Jake Guentzel and loses puck.
17:43 of 1st period - Penalty to Iiro Pakarinen is over, Iiro Pakarinen is back on ice.
17:53 of 1st period - Slapshot by Tom Kuhnhackl.
17:53 of 1st period - Stopped by Justin Peters with a rebound.
17:55 of 1st period - Slapshot by Roland McKeown.
17:55 of 1st period - Stopped by Justin Peters without a rebound.
17:56 of 1st period - Blake Coleman wins face-off versus Bo Horvat in Senators zone.
17:56 of 1st period - Blake Coleman is hit by Jeff Corbett.
18:20 of 1st period - Rinat Valievv is hit by Maxim Letunov and loses puck.
18:37 of 1st period - Mason Geertsen is hit by Aaron Ekblad and loses puck.
19:21 of 1st period - Scott Harrington is hit by Justin Bailey and loses puck.
19:51 of 1st period - Snap shot by Tom Kuhnhackl.
19:51 of 1st period - Stopped by Justin Peters without a rebound.
19:52 of 1st period - Zemgus Girgensons wins face-off versus Jake Guentzel in Senators zone.
19:52 of 1st period - Zemgus Girgensons is hit by Andre Burakovsky.
19:55 of 1st period - Icing by Matt Frattin.
19:56 of 1st period - Jake Guentzel wins face-off versus Zemgus Girgensons in Senators zone.
Goals for this period are 3 for Influenza vs 2 for Senators.
Shots for this period are 15 for Influenza vs 13 for Senators.
2nd period
0:01 of 2nd period - Jake Guentzel wins face-off versus Zemgus Girgensons in neutral zone.
0:16 of 2nd period - Snap shot by Andre Burakovsky.
0:16 of 2nd period - Shot Misses the Net.
0:34 of 2nd period - Slapshot by Chris Kunitz.
0:34 of 2nd period - Shot Misses the Net.
0:36 of 2nd period - Slapshot by Dylan Blujus.
0:36 of 2nd period - Shot Blocked by Bo Horvat.
0:38 of 2nd period - Snap shot by Dylan Blujus.
0:38 of 2nd period - Stopped by Malcolm Subban with a rebound.
1:30 of 2nd period - Maxim Letunov is hit by Iiro Pakarinen and loses puck.
1:39 of 2nd period - Slapshot by Jake Guentzel.
1:39 of 2nd period - Shot Hit the Post.
2:05 of 2nd period - Bo Horvat is hit by Patrick Maroon.
2:09 of 2nd period - Patrick Maroon is hit by Jimmy Vesey and loses puck.
3:01 of 2nd period - Off-side.
3:02 of 2nd period - Jake Guentzel wins face-off versus Zemgus Girgensons in neutral zone.
3:06 of 2nd period - Snap shot by Jake Guentzel.
3:06 of 2nd period - Shot Misses the Net.
3:08 of 2nd period - Snap shot by Jake Guentzel.
3:08 of 2nd period - Shot Misses the Net.
3:10 of 2nd period - Slapshot by Aaron Ekblad.
3:10 of 2nd period - Goal by Aaron Ekblad - Influenza : 4 - Senators : 2.
3:10 of 2nd period - Stephon Williams enters game.
3:11 of 2nd period - Jake Guentzel wins face-off versus Zemgus Girgensons in neutral zone.
3:15 of 2nd period - Minor Penalty to Scott Harrington for Interference.
3:16 of 2nd period - Jake Guentzel wins face-off versus Nick Foligno in Senators zone.
3:22 of 2nd period - Wrist shot by Andre Burakovsky.
3:22 of 2nd period - Stopped by Stephon Williams with a rebound.
4:09 of 2nd period - Minor Penalty to Andre Burakovsky for Tripping.
4:10 of 2nd period - Nick Foligno wins face-off versus Jake Guentzel in Influenza zone.
4:13 of 2nd period - Snap shot by Chris Kunitz.
4:13 of 2nd period - Shot Misses the Net.
4:21 of 2nd period - Wrist shot by Anthony Mantha.
4:21 of 2nd period - Deflect By Jake Guentzel.
4:21 of 2nd period - Shot Blocked by Jack Dougherty.
4:21 of 2nd period - Puck is out of play.
4:22 of 2nd period - Jake Guentzel wins face-off versus Nick Foligno in Senators zone.
5:03 of 2nd period - Dylan Blujus is hit by Aaron Ekblad and loses puck.
5:15 of 2nd period - Penalty to Scott Harrington is over, Scott Harrington is back on ice.
5:34 of 2nd period - Snap shot by Patrick Maroon.
5:34 of 2nd period - Shot Misses the Net.
5:36 of 2nd period - Slapshot by Jack Dougherty.
5:36 of 2nd period - Shot Blocked by Roland McKeown.
6:02 of 2nd period - Chandler Stephenson is hit by Jake Guentzel and loses puck.
6:09 of 2nd period - Penalty to Andre Burakovsky is over, Andre Burakovsky is back on ice.
6:23 of 2nd period - Minor Penalty to Blake Coleman for Hooking.
6:24 of 2nd period - Nick Foligno wins face-off versus Bo Horvat in Senators zone.
6:38 of 2nd period - Dylan Blujus is hit by Jimmy Vesey and loses puck.
6:56 of 2nd period - Dylan Blujus is hit by Iiro Pakarinen.
7:20 of 2nd period - Jack Dougherty is hit by Andre Burakovsky and loses puck.
8:23 of 2nd period - Penalty to Blake Coleman is over, Blake Coleman is back on ice.
8:34 of 2nd period - Patrick Maroon is hit by Jordan Schroeder and loses puck.
8:49 of 2nd period - Lucas Lessio is hit by Adam Ollas-Mattsson and loses puck.
9:23 of 2nd period - Aaron Ekblad is hit by Zemgus Girgensons and loses puck.
10:07 of 2nd period - Chris Kunitz is hit by Luca Sbisa.
10:58 of 2nd period - Patrick Maroon is hit by Jake Guentzel and loses puck.
11:17 of 2nd period - Dylan Blujus is hit by Justin Bailey.
11:21 of 2nd period - Dylan Blujus is hit by Luca Sbisa and loses puck.
11:34 of 2nd period - Dylan Blujus is hit by Iiro Pakarinen and loses puck.
11:47 of 2nd period - Scott Harrington is hit by Aaron Ekblad.
12:01 of 2nd period - Wrist shot by Anthony Mantha.
12:01 of 2nd period - Deflect By Nick Ritchie.
12:01 of 2nd period - Stopped by Stephon Williams with a rebound.
12:03 of 2nd period - Slapshot by Rinat Valievv.
12:03 of 2nd period - Shot Misses the Net.
12:05 of 2nd period - Slapshot by Rinat Valievv.
12:05 of 2nd period - Stopped by Stephon Williams with a rebound.
12:07 of 2nd period - Slapshot by Anthony Mantha.
12:07 of 2nd period - Shot Blocked by Grant Besse.
12:09 of 2nd period - Snap shot by Nick Ritchie.
12:09 of 2nd period - Shot Misses the Net.
12:21 of 2nd period - Slapshot by Andre Burakovsky.
12:21 of 2nd period - Stopped by Stephon Williams with a rebound.
12:57 of 2nd period - Slapshot by Jimmy Vesey.
12:57 of 2nd period - Shot Blocked by Scott Harrington.
13:17 of 2nd period - Snap shot by Chris Kunitz.
13:17 of 2nd period - Shot Misses the Net.
13:27 of 2nd period - Blake Coleman is hit by Jake Guentzel and loses puck.
14:19 of 2nd period - Scott Harrington is hit by Rinat Valievv and loses puck.
14:43 of 2nd period - Jan Mursak is hit by Anthony Mantha and loses puck.
16:10 of 2nd period - Roland McKeown is hit by Scott Harrington and loses puck.
16:11 of 2nd period - Roland McKeown from Influenza is injured at 16:11 of 2nd period (Strained Right Knee).
16:12 of 2nd period - Jake Guentzel wins face-off versus Zemgus Girgensons in Influenza zone.
16:39 of 2nd period - Jimmy Vesey is hit by Scott Harrington and loses puck.
17:28 of 2nd period - Wrist shot by Andre Burakovsky.
17:28 of 2nd period - Stopped by Stephon Williams with a rebound.
17:51 of 2nd period - Minor Penalty to Maxim Letunov for Holding.
17:52 of 2nd period - Nick Foligno wins face-off versus Jake Guentzel in Senators zone.
18:07 of 2nd period - Slapshot by Andre Burakovsky.
18:07 of 2nd period - Stopped by Stephon Williams with a rebound.
19:51 of 2nd period - Penalty to Maxim Letunov is over, Maxim Letunov is back on ice.
Goals for this period are 1 for Influenza vs 0 for Senators.
Shots for this period are 7 for Influenza vs 1 for Senators.
3rd period
0:01 of 3rd period - Jake Guentzel wins face-off versus Matt Frattin in neutral zone.
0:08 of 3rd period - Wrist shot by Andre Burakovsky.
0:08 of 3rd period - Shot Misses the Net.
0:10 of 3rd period - Snap shot by Iiro Pakarinen.
0:10 of 3rd period - Stopped by Stephon Williams with a rebound.
0:31 of 3rd period - Slapshot by Scott Harrington.
0:31 of 3rd period - Stopped by Malcolm Subban without a rebound.
0:32 of 3rd period - Bo Horvat wins face-off versus Chandler Stephenson in Influenza zone.
0:43 of 3rd period - Slapshot by Keegan Lowe.
0:43 of 3rd period - Shot Misses the Net.
0:47 of 3rd period - Slapshot by Tomas Jurco.
0:47 of 3rd period - Deflect By Chris Kunitz.
0:47 of 3rd period - Stopped by Malcolm Subban with a rebound.
1:02 of 3rd period - Snap shot by Andre Burakovsky.
1:02 of 3rd period - Shot Misses the Net.
1:20 of 3rd period - Snap shot by Jordan Schroeder.
1:20 of 3rd period - Stopped by Stephon Williams with a rebound.
1:26 of 3rd period - Slapshot by Nick Ritchie.
1:26 of 3rd period - Shot Blocked by Dylan Blujus.
1:28 of 3rd period - Wrist shot by Nick Ritchie.
1:28 of 3rd period - Deflect By Jan Mursak.
1:28 of 3rd period - Shot Misses the Net.
1:28 of 3rd period - Puck is out of play.
1:29 of 3rd period - Jake Guentzel wins face-off versus Chandler Stephenson in Senators zone.
2:25 of 3rd period - Wrist shot by Jan Mursak.
2:25 of 3rd period - Stopped by Malcolm Subban with a rebound.
2:32 of 3rd period - Icing by Nick Ritchie.
2:33 of 3rd period - Jake Guentzel wins face-off versus Maxim Letunov in Influenza zone.
2:58 of 3rd period - Snap shot by Jimmy Vesey.
2:58 of 3rd period - Shot Blocked by Mason Geertsen.
3:20 of 3rd period - Snap shot by Chris Kunitz.
3:20 of 3rd period - Shot Misses the Net.
3:50 of 3rd period - Wrist shot by Andre Burakovsky.
3:50 of 3rd period - Shot Misses the Net.
3:52 of 3rd period - Slapshot by Paul Ladue.
3:52 of 3rd period - Stopped by Stephon Williams with a rebound.
4:55 of 3rd period - Minor Penalty to Iiro Pakarinen for Goalie Interference.
4:56 of 3rd period - Bo Horvat wins face-off versus Zemgus Girgensons in Influenza zone.
4:59 of 3rd period - Snap shot by Nick Foligno.
4:59 of 3rd period - Goal by Nick Foligno - Influenza : 4 - Senators : 3.
5:00 of 3rd period - Jake Guentzel wins face-off versus Nick Foligno in neutral zone.
5:09 of 3rd period - Wrist shot by Iiro Pakarinen.
5:09 of 3rd period - Deflect By Matt Frattin.
5:09 of 3rd period - Stopped by Stephon Williams without a rebound.
5:10 of 3rd period - Zemgus Girgensons wins face-off versus Andre Burakovsky in Senators zone.
5:15 of 3rd period - Iiro Pakarinen is hit by Zemgus Girgensons and loses puck.
5:24 of 3rd period - Backhand shot by Andre Burakovsky.
5:24 of 3rd period - Stopped by Stephon Williams with a rebound.
5:26 of 3rd period - Slapshot by Iiro Pakarinen.
5:26 of 3rd period - Stopped by Stephon Williams without a rebound.
5:27 of 3rd period - Bo Horvat wins face-off versus Chris Kunitz in Senators zone.
5:35 of 3rd period - Icing by Scott Harrington.
5:36 of 3rd period - Bo Horvat wins face-off versus Chandler Stephenson in Senators zone.
5:37 of 3rd period - Wrist shot by Jimmy Vesey.
5:37 of 3rd period - Shot Misses the Net.
5:39 of 3rd period - Slapshot by Bo Horvat.
5:39 of 3rd period - Stopped by Stephon Williams without a rebound.
5:40 of 3rd period - Jake Guentzel wins face-off versus Zemgus Girgensons in Senators zone.
5:53 of 3rd period - Snap shot by Matt Frattin.
5:53 of 3rd period - Shot Misses the Net.
6:07 of 3rd period - Scott Harrington is hit by Jimmy Vesey and loses puck.
6:30 of 3rd period - Snap shot by Anthony Mantha.
6:30 of 3rd period - Stopped by Stephon Williams with a rebound.
6:56 of 3rd period - Snap shot by Matt Frattin.
6:56 of 3rd period - Shot Blocked by Luca Sbisa.
6:57 of 3rd period - Minor Penalty to Keegan Lowe for High sticking.
6:58 of 3rd period - Jake Guentzel wins face-off versus Nick Foligno in Senators zone.
7:11 of 3rd period - Slapshot by Luca Sbisa.
7:11 of 3rd period - Goal by Luca Sbisa - Influenza : 5 - Senators : 3.
7:12 of 3rd period - Zemgus Girgensons wins face-off versus Jake Guentzel in neutral zone.
7:17 of 3rd period - Snap shot by Matt Frattin.
7:17 of 3rd period - Shot Misses the Net.
7:19 of 3rd period - Snap shot by Scott Harrington.
7:19 of 3rd period - Deflect By Matt Frattin.
7:19 of 3rd period - Goal by Matt Frattin - Influenza : 5 - Senators : 4.
7:20 of 3rd period - Jake Guentzel wins face-off versus Zemgus Girgensons in neutral zone.
7:29 of 3rd period - Wrist shot by Andre Burakovsky.
7:29 of 3rd period - Shot Misses the Net.
7:31 of 3rd period - Snap shot by Iiro Pakarinen.
7:31 of 3rd period - Shot Misses the Net.
7:33 of 3rd period - Wrist shot by Jake Guentzel.
7:33 of 3rd period - Deflect By Andre Burakovsky.
7:33 of 3rd period - Shot Blocked by Zemgus Girgensons.
7:33 of 3rd period - Puck is out of play.
7:34 of 3rd period - Zemgus Girgensons wins face-off versus Jake Guentzel in Senators zone.
7:34 of 3rd period - Zemgus Girgensons is hit by Aaron Ekblad.
8:05 of 3rd period - Wrist shot by Justin Bailey.
8:05 of 3rd period - Stopped by Stephon Williams with a rebound.
8:07 of 3rd period - Slapshot by Luca Sbisa.
8:07 of 3rd period - Shot Blocked by Dylan Blujus.
8:09 of 3rd period - Slapshot by Jeff Corbett.
8:09 of 3rd period - Shot Misses the Net.
8:19 of 3rd period - Slapshot by Dylan Blujus.
8:19 of 3rd period - Stopped by Malcolm Subban with a rebound.
8:21 of 3rd period - Snap shot by Dylan Blujus.
8:21 of 3rd period - Stopped by Malcolm Subban with a rebound.
8:23 of 3rd period - Slapshot by Dylan Blujus.
8:23 of 3rd period - Stopped by Malcolm Subban without a rebound.
8:24 of 3rd period - Blake Coleman wins face-off versus Jake Guentzel in Influenza zone.
8:25 of 3rd period - Snap shot by Michal Repik.
8:25 of 3rd period - Shot Misses the Net.
8:27 of 3rd period - Slapshot by Mason Geertsen.
8:27 of 3rd period - Deflect By Michal Repik.
8:27 of 3rd period - Shot Misses the Net.
8:27 of 3rd period - Puck is out of play.
8:28 of 3rd period - Zemgus Girgensons wins face-off versus Jake Guentzel in Influenza zone.
8:33 of 3rd period - Backhand shot by Zemgus Girgensons.
8:33 of 3rd period - Stopped by Malcolm Subban with a rebound.
8:35 of 3rd period - Minor Penalty to Iiro Pakarinen for Holding.
8:36 of 3rd period - Bo Horvat wins face-off versus Zemgus Girgensons in Influenza zone.
8:46 of 3rd period - Wrist shot by Dylan Blujus.
8:46 of 3rd period - Shot Blocked by Luca Sbisa.
8:48 of 3rd period - Snap shot by Matt Frattin.
8:48 of 3rd period - Stopped by Malcolm Subban with a rebound.
8:50 of 3rd period - Slapshot by Dylan Blujus.
8:50 of 3rd period - Shot Blocked by Paul Ladue.
8:52 of 3rd period - Slapshot by Scott Harrington.
8:52 of 3rd period - Shot Misses the Net.
9:24 of 3rd period - Jake Guentzel is hit by Matt Frattin and loses puck.
10:15 of 3rd period - Luca Sbisa is hit by Matt Frattin and loses puck.
10:29 of 3rd period - Off-side.
10:30 of 3rd period - Jake Guentzel wins face-off versus Chandler Stephenson in neutral zone.
10:35 of 3rd period - Penalty to Iiro Pakarinen is over, Iiro Pakarinen is back on ice.
11:36 of 3rd period - Snap shot by Chris Kunitz.
11:36 of 3rd period - Goal by Chris Kunitz - Influenza : 5 - Senators : 5.
11:37 of 3rd period - Zemgus Girgensons wins face-off versus Bo Horvat in neutral zone.
11:40 of 3rd period - Wrist shot by Scott Harrington.
11:40 of 3rd period - Stopped by Malcolm Subban without a rebound.
11:41 of 3rd period - Zemgus Girgensons wins face-off versus Bo Horvat in Influenza zone.
12:10 of 3rd period - Snap shot by Grant Besse.
12:10 of 3rd period - Shot Misses the Net.
12:12 of 3rd period - Snap shot by Grant Besse.
12:12 of 3rd period - Stopped by Malcolm Subban without a rebound.
12:13 of 3rd period - Maxim Letunov wins face-off versus Andre Burakovsky in Influenza zone.
12:14 of 3rd period - Wrist shot by Patrick Maroon.
12:14 of 3rd period - Goal by Patrick Maroon - Influenza : 5 - Senators : 6.
12:15 of 3rd period - Zemgus Girgensons wins face-off versus Jake Guentzel in neutral zone.
12:40 of 3rd period - Anthony Mantha is hit by Scott Harrington and loses puck.
13:03 of 3rd period - Jacob Josefson is hit by Jan Mursak and loses puck.
13:04 of 3rd period - Jacob Josefson from Influenza is injured at 13:04 of 3rd period (Back Spasms).
13:05 of 3rd period - Zemgus Girgensons wins face-off versus Jake Guentzel in Influenza zone.
13:37 of 3rd period - Backhand shot by Luca Sbisa.
13:37 of 3rd period - Stopped by Stephon Williams with a rebound.
13:53 of 3rd period - Snap shot by Michal Repik.
13:53 of 3rd period - Deflect By Blake Coleman.
13:53 of 3rd period - Shot Misses the Net.
13:53 of 3rd period - Puck is out of play.
13:54 of 3rd period - Blake Coleman wins face-off versus Bo Horvat in Influenza zone.
13:55 of 3rd period - Wrist shot by Jan Mursak.
13:55 of 3rd period - Deflect By Michal Repik.
13:55 of 3rd period - Shot Misses the Net.
13:55 of 3rd period - Puck is out of play.
13:56 of 3rd period - Blake Coleman wins face-off versus Jake Guentzel in Influenza zone.
13:57 of 3rd period - Snap shot by Michal Repik.
13:57 of 3rd period - Stopped by Malcolm Subban with a rebound.
13:59 of 3rd period - Slapshot by Blake Coleman.
13:59 of 3rd period - Stopped by Malcolm Subban with a rebound.
14:01 of 3rd period - Slapshot by Adam Ollas-Mattsson.
14:01 of 3rd period - Shot Misses the Net.
14:03 of 3rd period - Slapshot by Mason Geertsen.
14:03 of 3rd period - Stopped by Malcolm Subban with a rebound.
14:05 of 3rd period - Snap shot by Blake Coleman.
14:05 of 3rd period - Stopped by Malcolm Subban without a rebound.
14:06 of 3rd period - Jake Guentzel wins face-off versus Zemgus Girgensons in Influenza zone.
14:11 of 3rd period - Snap shot by Matt Frattin.
14:11 of 3rd period - Shot Misses the Net.
14:13 of 3rd period - Slapshot by Dylan Blujus.
14:13 of 3rd period - Deflect By Nick Foligno.
14:13 of 3rd period - Shot Blocked by Aaron Ekblad.
14:13 of 3rd period - Puck is out of play.
14:14 of 3rd period - Jake Guentzel wins face-off versus Zemgus Girgensons in Influenza zone.
14:31 of 3rd period - Dylan Blujus is hit by Aaron Ekblad and loses puck.
14:44 of 3rd period - Slapshot by Jimmy Vesey.
14:44 of 3rd period - Stopped by Stephon Williams with a rebound.
14:46 of 3rd period - Slapshot by Paul Ladue.
14:46 of 3rd period - Stopped by Stephon Williams with a rebound.
14:48 of 3rd period - Snap shot by Justin Bailey.
14:48 of 3rd period - Stopped by Stephon Williams with a rebound.
14:55 of 3rd period - Minor Penalty to Dylan Blujus for Holding Stick.
14:56 of 3rd period - Jake Guentzel wins face-off versus Nick Foligno in Senators zone.
16:52 of 3rd period - Mason Geertsen is hit by Aaron Ekblad and loses puck.
16:55 of 3rd period - Penalty to Dylan Blujus is over, Dylan Blujus is back on ice.
17:11 of 3rd period - Keegan Lowe is hit by Luca Sbisa.
17:34 of 3rd period - Keegan Lowe is hit by Paul Ladue and loses puck.
17:51 of 3rd period - Paul Ladue is hit by Matt Frattin and loses puck.
18:28 of 3rd period - Icing by Chandler Stephenson.
18:29 of 3rd period - Chandler Stephenson wins face-off versus Jordan Schroeder in Senators zone.
18:34 of 3rd period - Wrist shot by Tomas Jurco.
18:34 of 3rd period - Stopped by Malcolm Subban with a rebound.
18:49 of 3rd period - Dylan Blujus is hit by Luca Sbisa and loses puck.
19:05 of 3rd period - Influenza, Malcolm Subban is pulled from the net.
19:28 of 3rd period - Wrist shot by Jake Guentzel.
19:28 of 3rd period - Deflect By Justin Bailey.
19:28 of 3rd period - Shot Blocked by Matt Frattin.
19:28 of 3rd period - Puck is out of play.
19:29 of 3rd period - Joel Quenneville call a timeout for Influenza.
19:29 of 3rd period - Zemgus Girgensons wins face-off versus Jake Guentzel in Senators zone.
19:36 of 3rd period - Dylan Blujus is hit by Jake Guentzel and loses puck.
19:45 of 3rd period - Snap shot by Nick Foligno.
19:45 of 3rd period - Goal by Nick Foligno - Influenza : 5 - Senators : 7.
19:45 of 3rd period - Malcolm Subban from Influenza was sent back in the game.
19:46 of 3rd period - Jordan Schroeder wins face-off versus Blake Coleman in neutral zone.
19:57 of 3rd period - Slapshot by Jordan Schroeder.
19:57 of 3rd period - Stopped by Stephon Williams without a rebound.
19:58 of 3rd period - Jordan Schroeder wins face-off versus Blake Coleman in Senators zone.
Goals for this period are 1 for Influenza vs 5 for Senators.
Shots for this period are 15 for Influenza vs 20 for Senators.
Back to the Top